 Dungeon Crawl Stone Soup version 0.14-a0-226-gcf818b1 (webtiles) character file.

103 Leibowitz the Cutter (level 4, -2/31 HPs)
             Began as a Kobold Berserker on Oct 11, 2013.
             Was a Believer of Trog.
             Shot with a stone by a goblin (6 damage)
             ... on Level 2 of the Dungeon.
             The game lasted 00:05:56 (2416 turns).

Leibowitz the Cutter (Kobold Berserker)             Turns: 2416, Time: 00:05:57

HP  -2/31        AC  0     Str 16      XL: 4   Next: 42%
MP   3/3         EV 16     Int  5      God: Trog [**....]
Gold 34          SH  0     Dex 15      Spells:  0 memorised,  3 levels left

Res.Fire  : . . .   See Invis. : .   a - +0 short sword
Res.Cold  : . . .   Warding    : .   (no armour)
Life Prot.: . . .   Conserve   : .   (no shield)
Res.Poison: .       Res.Corr.  : .   (no helmet)
Res.Elec. : .       Clarity    : .   (no cloak)
Sust.Abil.: . .     Spirit.Shd : .   (no gloves)
Res.Mut.  : .       Stasis     : .   (no boots)
Res.Rott. : .       Flight     : .   (no amulet)
Saprovore : + + .                    (no ring)
                                     (no ring)

@: slightly resistant to hostile enchantments, fairly stealthy
A: disease resistance, blurry vision 1, carnivore 3, deformed body, +10% hp,
saprovore 2
a: Burn Spellbooks, Berserk, Trog's Hand, Renounce Religion


You were on level 2 of the Dungeon.
You worshipped Trog.
Trog was pleased with you.
You were full.

You visited 1 branch of the dungeon, and saw 2 of its levels.

You collected 14 gold pieces.

Inventory:

Hand weapons
 a - a +0,+0 short sword (weapon)
Missiles
 e - 13 darts of flame (quivered)
 g - 4 needles of sleeping
Scrolls
 b - a scroll of curse armour {unknown}
 d - a scroll of recharging {unknown}
 f - a scroll of blinking {unknown}
Potions
 h - a potion of curing


   Skills:
 * Level 4.0 Fighting
 + Level 4.3 Short Blades
 + Level 0.3 Throwing
 - Level 1.5 Armour
 * Level 3.7 Dodging
 * Level 2.2 Stealth


You had 3 spell levels left.
You didn't know any spells.

Dungeon Overview and Level Annotations

Branches:
Dungeon (2/27)

Altars:


Innate Abilities, Weirdness & Mutations

You recuperate from illness quickly.
You are small and have problems with some larger weapons.
You are carnivorous and can eat meat at any time.
You can eat rotten meat.
Your vision is a little blurry.
Armour fits poorly on your strangely shaped body.
You are robust (+10% HP).


Message History

Things that are here:
4 stones; a club; a rotting chunk of goblin flesh The goblin shoots a stone.
The stone misses you.
Eat a rotting chunk of goblin flesh? (ye/n/q/i?) This raw flesh tastes great.
The goblin shoots a stone.
The stone hits you!
You continue eating.
The goblin shoots a stone.
The stone hits you!
You continue eating.
The goblin shoots a stone.
The stone hits you!
The goblin shoots a stone.
The stone misses you.
The goblin shoots a stone.
The stone hits you!
* * * LOW HITPOINT WARNING * * *
You see here a stone.
The goblin shoots a stone.
The stone misses you.
The goblin shoots a stone.
The stone misses you.
The goblin shoots a stone.
The stone hits you!
* * * LOW HITPOINT WARNING * * *
You see here a stone.
The goblin shoots a stone.
The stone hits you!
You die...

#..))......(.#
#)##########.#
#(((.≈≈≈# #.#
#....≈≈≈# #.#
#.(...≈≈####.######
#(...≈≈.g>#.......#
#(....≈≈###.......#
#.(..≈.≈##........#
#.@...≈≈##........#
#.########........#
#...####.........[#
###......)........#
#......##########
#......+ #......#
######.# #.#


You could see a goblin.

Vanquished Creatures
  2 adders (D:2)
  A worm (D:2)
  A giant gecko (D:1)
  An ooze (D:1)
  A ball python (D:1)
  6 goblins
  11 hobgoblins
  2 jackals (D:1)
  5 bats
  2 giant cockroaches
  A giant newt (D:1)
  2 kobolds
  5 rats
40 creatures vanquished.

Vanquished Creatures (others)
  A ball python (D:1)
1 creature vanquished.

Grand Total: 41 creatures vanquished

Notes
Turn   | Place    | Note
--------------------------------------------------------------
     0 | D:1      | Leibowitz, the Kobold Berserker, began the quest for the Orb.
     0 | D:1      | Reached XP level 1. HP: 14/14 MP: 0/0
   226 | D:1      | Reached XP level 2. HP: 2/19 MP: 1/1
   600 | D:1      | Reached skill level 1 in Stealth
  1026 | D:1      | Reached XP level 3. HP: 18/24 MP: 2/2
  1073 | D:1      | Acquired Trog's second power
  2070 | D:2      | Reached XP level 4. HP: 26/28 MP: 3/3
  2076 | D:2      | Gained mutation: Your vision is a little blurry. [potion of mutation]
  2076 | D:2      | Gained mutation: You are robust (+10% HP). [potion of mutation]
  2076 | D:2      | Gained mutation: Armour fits poorly on your strangely shaped body. [potion of mutation]
  2416 | D:2      | Shot with a stone by a goblin

Action                   |  1- 3 |  4- 6 || total
-------------------------+-------+-------++-------
Melee: Short sword       |   130 |    28 ||   158
Throw: Dart              |     3 |       ||     3
Invok: Berserk           |     2 |     1 ||     3
       Trog's Hand       |       |     1 ||     1
  Use: Potion            |       |     3 ||     3
 Stab: Sleeping          |     1 |     1 ||     2
